 Dungeon Crawl Stone Soup version 0.31-a0-1616-gbeaec30 (webtiles) character file.

Game seed: 92125512565636087

9 PidgeyThePirate the Cutter (level 2, 22/22 HPs)
             Began as a Demonspawn Gladiator on Jan 10, 2024.
             Got out of the dungeon alive.
             The game lasted 00:00:31 (249 turns).

PidgeyThePirate the Cutter (Demonspawn Gladiator)    Turns: 249, Time: 00:00:32

Health: 22/22      AC:  6    Str: 14    XL:     2   Next: 3%
Magic:  2/2        EV: 12    Int:  8    God:
Gold:   18         SH:  0    Dex: 14    Spells: 1/1 levels left

rFire   . . .        a - +0 rapier
rCold   . . .        (no shield)
rNeg    . . .        b - +0 leather armour
rPois   .            (helmet restricted)
rElec   .            h - +2 cloak
rCorr   .            (no gloves)
SInv    .            (no boots)
Will    .....        (no amulet)
Stlth   +            (no ring)
HPRegen 0.23/turn    (no ring)
MPRegen 0.08/turn

%: no passive effects
@: no status effects
A: antennae 1
a: no special abilities


You escaped.
You visited 1 branch of the dungeon, and saw 1 of its levels.

You collected 18 gold pieces.

Inventory:

Hand Weapons
 a - a +0 rapier (weapon)
Missiles
 d - 3 throwing nets (quivered)
 e - a javelin
Armour
 b - a +0 leather armour (worn)
 c - a +0 helmet
 h - a +2 cloak (worn)
Scrolls
 f - 2 scrolls of noise {unknown}
 i - a scroll of blinking {unknown}
 j - a scroll of silence {unknown}
Potions
 g - a potion of heal wounds {unknown}


   Skills:
 + Level 2.0 Fighting
 + Level 2.9 Short Blades
 + Level 1.8 Throwing
 + Level 2.9 Dodging


You had one spell level left.
You didn't know any spells.
Your spell library was empty.

Dungeon Overview and Level Annotations

Branches:
Dungeon (1/15)

Altars:


Innate Abilities, Weirdness & Mutations

You have a pair of small antennae on your head.


Message History

The rat squeaks loudly.
A rat is nearby!
The rat bites you.
You barely miss the rat. The rat bites you but does no damage.
You hit the rat.
You kill the rat!
A rat comes into view.
The rat squeaks loudly.
A rat is nearby!
A rat comes into view.
The rat squeaks loudly.
You hit the rat.
You kill the rat!
The rat bites you.
You hit the rat.
The rat is moderately wounded.
The rat barely misses you.
You hit the rat.
You kill the rat!
You see here a rat corpse.
You see here a rat corpse.
Found a stone staircase leading down.
A ball python comes into view.
A ball python is nearby!
You barely miss the ball python. The ball python bites you.
The ball python barely misses you.
You puncture the ball python!
You kill the ball python!
You have reached level 2!
Your demonic ancestry asserts itself...
A pair of antennae grows on your head!
Your +0 helmet falls away!
HP restored.
There is a stone staircase leading down here.
You see here a rat corpse.
Things that are here:
a +0 club; a goblin corpse
There is an open door here.
There is a staircase leading out of the dungeon here.
You have escaped!

#.# #..... ...#..
#.... #.#.
##########...
########...# .......
#.....##.8(# .......
#..@..##...# #.###.#
#.....##...# #.# #.#
#.....##.≈.# #.###..
#.....'..≈.###......
#.....##.≈.#....)..†
#.....##.≈.##.######
#.....##...##.# #
########......# #
######## #


There were no monsters in sight!

Vanquished Creatures
  A ball python (D:1)
  A bat (D:1)
  A giant cockroach (D:1)
  A goblin (D:1)
  A quokka (D:1)
  3 rats (D:1)
8 creatures vanquished.

Notes
Turn   | Place    | Note
-------+----------+-------------------------------------------
     0 | D:1      | PidgeyThePirate the Demonspawn Gladiator began the quest
                  | for the Orb.
     0 | D:1      | Reached XP level 1. HP: 16/16 MP: 1/1
   173 | D:1      | Gained mutation: You have a pair of small antennae on your
                  | head. [demonic ancestry]
   173 | D:1      | Reached XP level 2. HP: 21/22 MP: 2/2
   249 | D:$      | Got out of the dungeon alive.

Illustrated notes

Levels and vault maps discovered:
D:1:      dpeg_arrival_rooms_c, layout_loops_ring,
          shapermc_ecumenical_altar_acropolis

Action                     || total
---------------------------++-------
  Melee: Rapier            ||    16
 Armour: Leather armour    ||    13
  Dodge: Dodged            ||    15

Table legend: (Time is in decaauts)
 A = Elapsed time spent in this place.
 B = Non-inter-level travel time spent in this place.
 C = Inter-level travel time spent in this place.
 D = Time resting spent in this place.
 E = Time spent auto-exploring this place.
 F = Levels seen in this place.
 G = Mean time per level.
                   A        B        C        D        E       F      G
               +--------+--------+--------+--------+--------+-----+--------+
         Total |    250 |    175 |     75 |      0 |    106 |   1 |  250.0 |
       Dungeon |    250 |    175 |     75 |      0 |    106 |   1 |  250.0 |
               +--------+--------+--------+--------+--------+-----+--------+

Top non-repeatable levels by time:
     D:1: 250 daAuts
